 Dungeon Crawl Stone Soup version 0.23.0 (webtiles) character file.

Game seed: 11581936021406469242

3656 Infinimo the Slinger (level 9, -3/48 HPs)
             Began as a Spriggan Hunter on Feb 17, 2019.
             Killed from afar by Harold (6 damage)
             ... with a harpoon shot
             ... on level 7 of the Dungeon.
             The game lasted 00:12:49 (9769 turns).

Infinimo the Slinger (Spriggan Hunter)              Turns: 9769, Time: 00:12:50

Health: -3/48      AC:  2    Str: 11    XL:     9   Next: 88%
Magic:  10/10      EV: 26    Int: 13    God:
Gold:   201        SH:  0    Dex: 16    Spells: 8/8 levels left

rFire    . . .     SeeInvis +   a - +2 hunting sling
rCold    . . .     Gourm    .   (shield restricted)
rNeg     . . .     Faith    .   c - +0 robe
rPois    .         Spirit   .   (helmet restricted)
rElec    .         Reflect  .   (no cloak)
rCorr    .         Harm     .   (gloves unavailable)
MR       +....                  (boots unavailable)
Stlth    ++........             (no amulet)
HPRegen  0.16/turn              m - ring of wizardry
MPRegen  0.12/turn              (no ring)

@: marked, very quick
A: very small, unfitting armour, see invisible, herbivore, speed 3, slow
metabolism 2
a: no special abilities


You were on level 7 of the Dungeon.
You were not hungry.

You visited 2 branches of the dungeon, and saw 8 of its levels.

You collected 201 gold pieces.

Inventory:

Hand Weapons
 a - a +2 hunting sling (weapon)
 l - a +0 dagger of venom
Missiles
 d - 35 sling bullets (quivered)
 j - 131 stones
Armour
 c - a +0 robe (worn)
Jewellery
 m - a ring of wizardry (left hand)
Wands
 k - a wand of iceblast (5)
Scrolls
 b - a scroll of identify
 e - 4 scrolls of amnesia
 g - 4 scrolls of teleportation
 i - 2 scrolls of fear
 o - 2 scrolls of remove curse
Potions
 n - 3 potions of magic
 p - a potion of heal wounds {unknown}
 r - 3 potions of curing
 s - a potion of flight {unknown}
 t - a potion of might
 u - 2 potions of haste
 w - a potion of brilliance {unknown}
Comestibles
 f - 7 rations


   Skills:
 + Level 6.1 Fighting
 * Level 12.6 Slings
 + Level 10.4 Dodging
 - Level 1.5 Stealth


You had 8 spell levels left.
You didn't know any spells.
Your spell library was empty.

Dungeon Overview and Level Annotations

Branches:
Dungeon (7/15)             Temple (1/1) D:7

Altars:
Ashenzari
Cheibriados
Dithmenos
Elyvilon
Fedhas
Gozag
Hepliaklqana
Kikubaaqudgha
Nemelex Xobeh
Qazlal
Ru
Sif Muna
Trog
Uskayaw
Vehumet
Wu Jian
Xom
Yredelemnul
Zin
The Shining One

Annotations:
D:6 1 runed translucent door
D:7 Harold


Innate Abilities, Weirdness & Mutations

You are very small and have problems with some larger weapons.
You are too small for most types of armour.
You have supernaturally acute eyesight. (SInv)
You are a herbivore.
You cover ground extremely quickly.
You need to consume almost no food.


Message History

Firing (i - inventory. (/) - cycle)
d - 36 sling bullets (quivered)
Press: ? - help, Shift-Dir - straight line, f/p - Harold
Aim: Harold, wielding a +0 broad axe and wearing a +0 chain mail (heavily wounded, fast)
You shoot a sling bullet. The sling bullet hits Harold!
Harold is heavily wounded.
Harold shouts, "Can you die now?
I had plans for the rest of the day!"
Harold hits you with a +0 broad axe!!
Ouch! That really hurt!
Harold points at you and mumbles some strange words.
The harpoon shot hits you!
* * * LOW HITPOINT WARNING * * *
You are yanked forward by the harpoon shot.
You feel better. Harold barely misses you.
Harold gestures at you while chanting. The harpoon shot hits you!
* * * LOW HITPOINT WARNING * * *
You are yanked forward by the harpoon shot.
Harold points at you and mumbles some strange words.
The harpoon shot hits you.
You die...

#(# #.#### #(#
#.# #)#
#.##########
#.#
#.##........
#.#
#.##.#######
#.#
#.#..########
#.#
##...........#
#.#
#..@.......#.#
#.#
#@########.#(#
#.# #.# #.#(#
#.# #.# #.#.#
#.######## #.#
#.#(#
#........# #.#
#.#(#
#.######.# #.#
#.#(# #.# #.#
#.# #.# ###
#.######.# #(#
#........#


You could see Harold.

Vanquished Creatures
  A two-headed ogre (D:4)
  Pikel (D:7)
  Grinder (D:6)
  A hippogriff (D:5)
  Menkaure (D:7)
  Duvessa (D:6)
  An ice beast (D:3)
  2 orc warriors (D:6)
  A phantom (D:6)
  2 necrophages
  4 ogres
  A centaur (D:6)
  A bullfrog (D:7)
  Blork the orc (D:6)
  A scorpion (D:7)
  Dowan (D:6)
  5 wights (D:5)
  2 howler monkeys
  2 crimson imps
  A bullfrog zombie (D:6)
  A centaur zombie (D:6)
  2 orc wizards
  Crazy Yiuf (D:2)
  5 orc priests
  3 hounds
  A centaur skeleton (D:5)
  An iguana (D:4)
  2 worker ants
  A hound skeleton (D:4)
  Robin (D:4)
  4 gnolls (D:5)
  8 adders
  An adder skeleton (D:5)
  2 dart slugs
  4 leopard geckos
  23 orcs
  8 giant cockroaches
  7 hobgoblins
  4 jackals
  10 kobolds
  4 quokkas
  6 bats
  6 frilled lizards
  13 goblins
  A jackal skeleton (D:5)
  4 rats
  A plant (D:3)
155 creatures vanquished.

Vanquished Creatures (others)
  2 slaves (D:7)
  A hound (D:7)
  A shadow imp (D:7)
4 creatures vanquished.

Grand Total: 159 creatures vanquished

Notes
Turn   | Place    | Note
-------+----------+-------------------------------------------
     0 | D:1      | Infinimo the Spriggan Hunter began the quest for the Orb.
     0 | D:1      | Reached XP level 1. HP: 10/10 MP: 2/2
   127 | D:1      | Reached skill level 5 in Slings
   498 | D:1      | Reached XP level 2. HP: 8/15 MP: 3/3
  1438 | D:2      | Reached XP level 3. HP: 18/18 MP: 4/4
  1644 | D:2      | Found a runed translucent door.
  1645 | D:2      | Noticed Crazy Yiuf
  1929 | D:2      | Killed Crazy Yiuf
  1929 | D:2      | Reached XP level 4. HP: 20/23 MP: 5/5
  2252 | D:3      | Reached skill level 6 in Slings
  2441 | D:3      | Noticed an ice beast
  2509 | D:3      | Killed an ice beast
  2509 | D:3      | Reached XP level 5. HP: 27/27 MP: 6/6
  3157 | D:4      | Noticed Robin
  3516 | D:3      | Reached skill level 5 in Dodging
  3608 | D:4      | Killed Robin
  3608 | D:4      | Reached skill level 7 in Slings
  3706 | D:4      | Reached XP level 6. HP: 32/32 MP: 7/7
  3836 | D:4      | Found an opulent altar of Gozag.
  3951 | D:4      | Noticed a two-headed ogre
  4057 | D:4      | Killed a two-headed ogre
  4057 | D:4      | Reached skill level 9 in Slings
  4057 | D:4      | Reached XP level 7. HP: 37/37 MP: 8/8
  4147 | D:4      | Found a sacrificial altar of Ru.
  4242 | D:4      | Reached XP level 8. HP: 40/42 MP: 9/9
  4322 | D:4      | Found an ancient bone altar of Kikubaaqudgha.
  4530 | D:5      | Entered Level 5 of the Dungeon
  4948 | D:5      | Reached skill level 10 in Slings
  5440 | D:5      | Noticed a hippogriff
  5506 | D:5      | Killed a hippogriff
  5607 | D:5      | Found a glowing golden altar of the Shining One.
  6136 | D:6      | Found an ornate altar of the Wu Jian Council.
  6195 | D:6      | Reached skill level 5 in Fighting
  6354 | D:6      | Noticed Blork the orc
  6438 | D:6      | Reached skill level 11 in Slings
  6438 | D:6      | Reached XP level 9. HP: 18/47 MP: 10/10
  6779 | D:6      | Noticed Grinder
  6792 | D:6      | Killed Grinder
  7563 | D:6      | Killed Blork the orc
  8292 | D:6      | Found a white marble altar of Elyvilon.
  8298 | D:6      | Found a runed translucent door.
  8298 | D:6      | Noticed an angel
  8502 | D:6      | Noticed Duvessa
  8502 | D:6      | Noticed Dowan
  8538 | D:6      | Killed Dowan
  8538 | D:6      | Reached skill level 12 in Slings
  8543 | D:6      | Killed Duvessa
  8732 | D:7      | Noticed Menkaure
  8733 | D:7      | Noticed Pikel
  8782 | D:7      | Killed Pikel
  8782 | D:7      | Reached skill level 10 in Dodging
  8797 | D:7      | Killed Menkaure
  9232 | D:7      | Found a staircase to the Ecumenical Temple.
  9488 | Temple   | Entered the Ecumenical Temple
  9738 | D:7      | Noticed Harold
  9769 | D:7      | Killed from afar by Harold

Skill      XL: |  1  2  3  4  5  6  7  8  9 |
---------------+----------------------------+-----
Slings         | 5 6 7 9 11 12 | 12.6
Fighting       | 2 4 5 6 |  6.1
Dodging        | 4 5 7 8 10 | 10.4
Stealth        | |  1.5

Action                   |  1- 3 |  4- 6 |  7- 9 || total
-------------------------+-------+-------+-------++-------
Melee: Short sword       |    79 |       |       ||    79
       Dagger            |       |    55 |    28 ||    83
 Fire: Hunting sling     |    46 |   199 |   572 ||   817
  Use: Scroll            |     4 |     3 |     6 ||    13
       Potion            |       |       |     1 ||     1
 Stab: Sleeping          |     2 |       |       ||     2
  Eat: Ration            |       |       |     3 ||     3
Armor: Robe              |    12 |     2 |       ||    14
Dodge: Dodged            |    99 |    37 |   118 ||   254
